 Dungeon Crawl Stone Soup version 0.30-a0-777-ga9a30cbeda (webtiles) character file.

Game seed: 8520705508610701283

5602 cheesebisquit the Geomancer (level 10, -5/58 HPs)
             Began as a Gargoyle Earth Elementalist on Feb 13, 2023.
             Was a Priest of Vehumet.
             Slain by a yak (8 damage)
             ... on level 9 of the Dungeon on Feb 14, 2023.
             The game lasted 00:51:09 (12648 turns).

cheesebisquit the Geomancer (GrEE)                 Turns: 12648, Time: 00:51:10

Health: -5/58      AC: 13    Str: 12    XL:     10   Next: 73%
Magic:  3/21       EV: 11    Int: 20    God:    Vehumet [***...]
Gold:   622        SH:  5    Dex: 10    Spells: 6/24 levels left

rFire   . . .      SeeInvis .    A - staff of conjuration
rCold   . . .      Faith    .    (no shield)
rNeg    + . .      Spirit   .    a - +0 robe
rPois   ∞          Reflect  +    l - +2 helmet
rElec   +          Harm     .    o - +0 cloak
rCorr   +          Rampage  .    (no gloves)
Will    +....                    (no boots)
Stlth   ++                       i - amulet of reflection
HPRegen 0.29/turn                F - ring of resist corrosion
MPRegen 0.17/turn                G - ring of willpower

@: about to teleport, invisible
A: sickness immunity, AC +7, negative energy resistance 1, electricity
resistance, torment resistance 1, petrification resistance
a: Renounce Religion


You were on level 9 of the Dungeon.
You worshipped Vehumet.
Vehumet was most pleased with you.
You visited 1 branch of the dungeon, and saw 9 of its levels.

You collected 622 gold pieces.

Inventory:

Hand Weapons
 k - the +6 hand axe "Grim Tooth" {drain, rElec Will+ rCorr Dex-4}
   (You found it on level 9 of the Dungeon)

   Dex:       It affects your dexterity (-4).
   rElec:     It insulates you from electricity.
   rCorr:     It protects you from acid and corrosion.
   Will:      It increases your willpower.
 t - a +0 mace of venom
Missiles
 d - 3 atropa-tipped darts
 p - a throwing net
 q - a curare-tipped dart
 y - 20 poisoned darts
Armour
 a - a +0 robe (worn)
 l - a +2 helmet (worn)
 o - a +0 cloak (worn)
 s - a +1 ring mail of cold resistance
 x - a +1 ring mail of poison resistance
 J - a +0 leather armour of poison resistance
Magical Staves
 A - a staff of conjuration (weapon)
Jewellery
 i - an amulet of reflection (around neck)
 F - a ring of resist corrosion (left hand)
 G - a ring of willpower (right hand)
Wands
 n - a wand of paralysis (5)
 z - a wand of digging (8)
Scrolls
 b - 2 scrolls of enchant weapon
 c - 4 scrolls of teleportation
 e - a scroll of amnesia {unknown}
 f - a scroll of torment {unknown}
 g - a scroll of enchant armour {unknown}
 m - a scroll of brand weapon
 v - 2 scrolls of magic mapping
 w - a scroll of acquirement {unknown}
 H - a scroll of fear {unknown}
 I - a scroll of noise {unknown}
 K - a scroll of blinking {unknown}
 L - a scroll of immolation {unknown}
Potions
 h - 2 potions of attraction
 j - 2 potions of lignification
 r - 2 potions of mutation
 u - 2 potions of might
 C - a potion of flight
 D - a potion of berserk rage


   Skills:
 + Level 4.3 Fighting
 + Level 4.6 Staves
 - Level 1.5 Dodging
 - Level 2.1 Stealth
 + Level 7.6 Spellcasting
 + Level 8.0 Conjurations
 - Level 0.7 Transmutations
 + Level 10.2 Earth Magic
 + Level 4.1 Evocations


You had 6 spell levels left.
You knew the following spells:

 Your Spells              Type           Power      Damage    Failure   Level
a - Sandblast             Erth           96%        2d20      1%          1
b - Stone Arrow           Conj/Erth      100%       3d13      1%          3
c - Passwall              Tmut/Erth      24%        N/A       1%          2
d - Petrify               Tmut/Erth      29%        N/A       10%         4
e - Lehudib's Crystal Sp  Conj/Erth      30%        10d8      96%         8

Your spell library contained the following spells:

 Spells                   Type           Power      Damage    Failure   Level
 Hailstorm                Conj/Ice       35%        3d9       1%          3
 Ignite Poison            Fire/Tmut/Pois 8%         N/A       7%          3
 Apportation              Tloc           14%        N/A       9%          1
 Slow                     Hex            28%        N/A       9%          1
 Animate Armour           Summ/Erth      56%        N/A       11%         4
 Leda's Liquefaction      Hex/Erth       14%        N/A       11%         4
 Ensorcelled Hibernation  Hex/Ice        14%        N/A       14%         2
 Lesser Beckoning         Tloc           14%        N/A       14%         2
 Spider Form              Tmut/Pois      9%         N/A       22%         3
 Olgreb's Toxic Radiance  Pois           7%         N/A       22%         4
 Call Canine Familiar     Summ           7%         N/A       26%         3
 Confusing Touch          Hex            7%         N/A       26%         3
 Portal Projectile        Hex/Tloc       14%        N/A       26%         3
 Vampiric Draining        Necr           7%         2d6       26%         3
 Starburst                Conj/Fire      17%        6d6       52%         6
 Ice Form                 Ice/Tmut       9%         N/A       58%         4
 Anguish                  Hex/Necr       3%         N/A       65%         4
 Dispel Undead            Necr           7%         3d8       65%         4
 Summon Ice Beast         Ice/Summ       7%         N/A       65%         4
 Summon Mana Viper        Hex/Summ       7%         N/A       94%         5
 Death Channel            Necr           3%         N/A       100%        6
 Simulacrum               Ice/Necr       3%         N/A       100%        6
 Monstrous Menagerie      Summ           3%         N/A       100%        7
 Ozocubu's Refrigeration  Ice            3%         4d8       100%        7
 Cigotuvi's Dreadful Rot  Necr/Pois/Air  Unusable   N/A       N/A         2

Dungeon Overview and Level Annotations

Branches:
Dungeon (9/15)             Temple (0/1) D:7
   Lair: D:8-11         Orc: D:9-12

Altars:
Elyvilon
Fedhas
Gozag
Makhleb
Nemelex Xobeh
Ru
Trog
Uskayaw
Vehumet
Xom
The Shining One

Shops:
D:6 (


Innate Abilities, Weirdness & Mutations

You are immune to sickness and miasma.
Your stone body is resilient. (AC +7)
You are immune to poison.
You resist negative energy. (rN+)
You are resistant to electric shocks. (rElec)
You are resistant to unholy torment.
You are immune to petrification.


Message History

The yak closely misses you. The yak gores you but does no damage.
You barely miss the yak.
The yak is almost dead.
The yak closely misses you. x2
You barely miss the yak.
The yak is almost dead.
You block the yak's attack. The yak gores you but does no damage.
You hit the yak but do no damage.
The yak is almost dead.
The yak gores you! The yak gores you but does no damage.
You hit the yak.
You kill the yak!
Vehumet accepts your kill.
You feel your power returning. The yak gores you!
You hit the yak.
The yak is lightly wounded.
You feel a surge of power!
The stone arrow hits the yak!!
The yak is severely wounded.
You block the yak's attack. The yak gores you.
You hit the yak.
The yak is lightly wounded.
You block the yak's attack. The yak gores you!
You hit the yak.
The yak is severely wounded.
The yak gores you! The yak closely misses you.
The yak attacks as you move away!
The yak gores you but does no damage. x2
You hit the yak but do no damage.
The yak is severely wounded.
The yak closely misses you. The yak gores you but does no damage.
You hit the yak.
The yak is severely wounded.
The yak gores you!
* * * LOW HITPOINT WARNING * * *
The yak gores you!
* * * LOW HITPOINT WARNING * * *
You fade into invisibility!
The yak gores you but does no damage. The yak completely misses you.
As you read the scroll of teleportation, it crumbles to dust.
You feel strangely unstable. The yak gores you!
You die...

,,,,********,,,,,**********,,,,,*
***,*,,,,,*,,,,,,,,,,,,,,,*,,,,,*
* *,*,,,,,*,,,,,,,,,,,,,,,*,***,*
* *,*,,,,,*,,,,,,,,,,,,,,,*,* *,*
* *,',,,,,*,,,,,,>,,,,,,,,*,* *,*
***,*,,,,,*,,,,,,,,,,,,,,,*,***,*
,,,,********+**************,,,,,*
*'**********,,,######,,,,,,,,####
,,,,,,,,,,,*,,##@...###*,,*###...
,,,,,,,,,,,*,,#YY.....##,,##.....
,,,,,,,,,,,+,*#†♣♣♣....#,,#....♣♣
*'**********,#...,♣♣♣..####..♣♣♣.
,,,,,,,******#....,,♣♣..§§..♣♣...
,,,,,,,*,,,,,#..._.,,♣..≈≈..♣..._
***,...*,,,,,#......♣♣..≈§..♣♣...
*....*,,,,,#....♣♣♣..'##'..♣♣♣.
###....*,,,,,##.♣♣♣....#..#....♣♣


You could see 2 yaks.

Vanquished Creatures
  Maurice (D:8)
  Maggie (D:8)
  Psyche (D:8)
  Prince Ribbit (D:6)
  3 wyverns
  3 yaks (D:9)
  A steam dragon (D:8)
  A water moccasin (D:5)
  An ice beast (D:6)
  2 orc warriors
  3 sky beasts
  4 ogres
  2 centaurs
  A phantom (D:5)
  3 kobold brigands
  4 bullfrogs
  A necrophage (D:6)
  3 scorpions
  6 wights
  12 killer bees
  A howler monkey (D:7)
  A jelly (D:7)
  A gnoll bouda (D:7)
  2 orc priests (D:9)
  4 iguanas
  9 orc wizards
  Robin (D:4)
  5 gnolls (D:7)
  12 adders
  A white imp (D:6)
  2 ufetubi
  2 worms
  4 dart slugs
  31 orcs
  6 endoplasms
  3 giant cockroaches
  14 hobgoblins
  4 quokkas
  7 ball pythons
  6 bats
  4 frilled lizards
  14 goblins
  18 kobolds
  5 rats
211 creatures vanquished.

Vanquished Creatures (others)
  17 plants
17 creatures vanquished.

Grand Total: 228 creatures vanquished

Notes
Turn   | Place    | Note
-------+----------+-------------------------------------------
     0 | D:1      | cheesebisquit the Gargoyle Earth Elementalist began the
                  | quest for the Orb.
     0 | D:1      | Reached XP level 1. HP: 10/10 MP: 3/3
   259 | D:1      | Reached skill level 4 in Earth Magic
   259 | D:1      | Reached XP level 2. HP: 15/15 MP: 1/5
   965 | D:2      | Reached XP level 3. HP: 19/19 MP: 4/7
  1366 | D:2      | Learned a level 3 spell: Stone Arrow
  1369 | D:2      | Learned a level 2 spell: Passwall
  1683 | D:2      | Reached XP level 4. HP: 24/24 MP: 6/8
  2173 | D:3      | Reached skill level 5 in Earth Magic
  2504 | D:3      | Found a faded altar of an unknown god.
  2782 | D:3      | Got the Omnibus of the Warped Chill
  2940 | D:4      | Reached XP level 5. HP: 23/28 MP: 6/10
  3047 | D:4      | Reached skill level 1 in Conjurations
  3500 | D:4      | Found a blossoming altar of Fedhas.
  3553 | D:4      | Reached XP level 6. HP: 32/32 MP: 5/11
  3625 | D:4      | Reached skill level 6 in Earth Magic
  3660 | D:4      | Found a radiant altar of Vehumet.
  3668 | D:4      | Became a worshipper of Vehumet
  3675 | D:4      | Got Tugasu's Book of Green Ashes
  3681 | D:4      | Learned a level 4 spell: Petrify
  3684 | D:4      | Noticed Robin
  4020 | D:4      | Killed Robin
  4174 | D:5      | Entered Level 5 of the Dungeon
  4549 | D:5      | Reached XP level 7. HP: 12/36 MP: 10/13
  4834 | D:5      | Reached skill level 7 in Earth Magic
  4867 | D:5      | Reached * piety under Vehumet
  4867 | D:5      | Offered knowledge of Shock by Vehumet.
  4868 | D:5      | Reached skill level 5 in Spellcasting
  5422 | D:5      | Reached XP level 8. HP: 41/41 MP: 11/15
  5637 | D:6      | Reached skill level 5 in Conjurations
  5648 | D:6      | Reached skill level 8 in Earth Magic
  5838 | D:6      | Offered knowledge of Scorch by Vehumet.
  5885 | D:6      | Reached ** piety under Vehumet
  5893 | D:6      | Found a glowing golden altar of the Shining One.
  6159 | D:6      | Noticed Prince Ribbit
  6316 | D:6      | Killed Prince Ribbit
  6317 | D:6      | Reached skill level 1 in Staves
  6317 | D:6      | Reached skill level 1 in Evocations
  6317 | D:6      | Reached XP level 9. HP: 45/45 MP: 13/18
  6390 | D:6      | Found Buirysena's Antique Weapon Emporium.
  6708 | D:7      | Found a sparkling altar of Nemelex Xobeh.
  6713 | D:7      | Reached skill level 9 in Earth Magic
  7150 | D:7      | Learned a level 8 spell: Lehudib's Crystal Spear
  7327 | D:7      | Found a staircase to the Ecumenical Temple.
  7400 | D:7      | Reached skill level 1 in Fighting
  7671 | D:7      | Offered knowledge of Dazzling Flash by Vehumet.
  7817 | D:7      | Found a hide-covered altar of Uskayaw.
  7972 | D:7      | Reached *** piety under Vehumet
  8176 | D:7      | Found a sparkling altar of Nemelex Xobeh.
  8258 | D:7      | Found a staircase to the Ecumenical Temple.
  8313 | D:7      | Found a hide-covered altar of Uskayaw.
  8546 | D:8      | Noticed Maurice
  8635 | D:8      | Killed Maurice
  8856 | D:8      | Found a burning altar of Makhleb.
  8984 | D:8      | Noticed Psyche
  8987 | D:8      | Reached XP level 10. HP: 54/54 MP: 13/20
  8989 | D:8      | Killed Psyche
  9088 | D:8      | Found a white marble altar of Elyvilon.
  9269 | D:8      | Noticed Maggie
  9319 | D:8      | Killed Maggie
  9675 | D:8      | Found a bloodstained altar of Trog.
  9688 | D:8      | Reached skill level 10 in Earth Magic
  9689 | D:8      | Offered knowledge of Hailstorm by Vehumet.
 10044 | D:8      | Found a sacrificial altar of Ru.
 10896 | D:7      | Found a sparkling altar of Nemelex Xobeh.
 11043 | D:7      | Found a staircase to the Ecumenical Temple.
 11098 | D:7      | Found a hide-covered altar of Uskayaw.
 11457 | D:8      | Found a white marble altar of Elyvilon.
 11689 | D:8      | Found a bloodstained altar of Trog.
 11898 | D:8      | Found a sacrificial altar of Ru.
 12113 | D:8      | Found a burning altar of Makhleb.
 12158 | D:9      | Identified the +6 hand axe "Grim Tooth" {drain, rElec Will+
                  | rCorr Dex-4}
 12539 | D:9      | Found an opulent altar of Gozag.
 12624 | D:9      | Found a shimmering altar of Xom.
 12648 | D:9      | Slain by a yak

Illustrated notes

Levels and vault maps discovered:
D:1:      lightli_molten_gateway, layout_basic, hangedman_decor_points
D:2:      layout_basic, serial_co_window_serial, co_window_corner_a,
          co_window_cross_1, co_window_of_opportunity_a,
          co_window_of_opportunity_a, co_window_of_opportunity_a,
          co_window_broadway_b, co_window_corner_cb, co_window_paths_c,
          co_window_paths_c, co_window_paths_d, co_window_4corner_b,
          glass_columns_b
D:3:      minmay_evil_eye, layout_loops_ring,
          hellmonk_ecumenical_altar_leap_of_faith
D:4:      layout_rooms, mainiacjoe_overflow_24_doors, fedhas_altar_4,
          minivault_24, uniq_robin
D:5:      layout_loops_corners, lexackson_kobold_supper
D:6:      cheibrodos_quashed, layout_rooms, amcnicky_altar_gilded, serial_shops,
          shop, lightli_minifort, uniq_prince_ribbit1
D:7:      layout_loops_ring, lemuel_coloured_pillars_altar,
          nemelex_dance_club_becter, minmay_temple_entry_gardened_gates
D:8:      layout_loops_corners, nicolae_overflow_hidden_temple, bloody_trog,
          nicolae_ru_the_path_less_chosen, nicolae_overflow_crystal_walls,
          uniq_maggie, uniq_psyche, uniq_maurice
D:9:      layout_stronghold, mainiacjoe_overflow_two_lobes, uniq_joseph,
          uniq_grum

Skill      XL: |  1  2  3  4  5  6  7  8  9 10 |
---------------+-------------------------------+-----
Earth Magic    | 4 5 6 7 8 9 10 | 10.2
Spellcasting   | 3 4 5 6 7 |  7.6
Conjurations   | 1 3 4 6 7 8 |  8.0
Staves         | 1 3 4 |  4.6
Evocations     | 1 3 4 |  4.1
Fighting       | 2 4 |  4.3
Dodging        | |  1.5
Stealth        | |  2.1
Transmutations | |  0.7

Action                     |  1- 3 |  4- 6 |  7- 9 | 10-12 || total
---------------------------+-------+-------+-------+-------++-------
  Melee: Staff             |       |       |    47 |    12 ||    59
         Mace              |       |       |     3 |       ||     3
         Punch             |       |       |     1 |       ||     1
   Cast: Sandblast         |    39 |    83 |   103 |       ||   225
         Stone Arrow       |       |       |    60 |    81 ||   141
         Petrify           |       |       |     1 |       ||     1
    Use: Scroll            |       |     1 |    11 |     6 ||    18
         Potion            |       |       |     5 |     4 ||     9
 Armour: Robe              |     1 |     2 |    64 |    44 ||   111
  Dodge: Dodged            |     3 |     9 |    60 |    39 ||   111
  Block: Other             |     1 |     5 |    20 |    21 ||    47
         Reflection        |       |     1 |     2 |     2 ||     5

Table legend: (Time is in decaauts)
 A = Elapsed time spent in this place.
 B = Non-inter-level travel time spent in this place.
 C = Inter-level travel time spent in this place.
 D = Time resting spent in this place.
 E = Time spent auto-exploring this place.
 F = Levels seen in this place.
 G = Mean time per level.
                   A        B        C        D        E       F      G
               +--------+--------+--------+--------+--------+-----+--------+
         Total |  12750 |  12097 |    653 |    914 |   9711 |   9 | 1416.7 |
       Dungeon |  12750 |  12097 |    653 |    914 |   9711 |   9 | 1416.7 |
               +--------+--------+--------+--------+--------+-----+--------+

Top non-repeatable levels by time:
     D:7: 2710 daAuts
     D:8: 2559 daAuts
     D:5: 1566 daAuts
     D:2: 1233 daAuts
     D:3: 1165 daAuts
     D:6: 1072 daAuts
     D:4: 920 daAuts
     D:1: 913 daAuts
     D:9: 609 daAuts
